Map: 2000 Atmospheres LE

Players

Zoun - Winner!

  • Race: Protoss Protoss
  • League: Master

ByuN

  • Race: Terran Terran

Event: TSL 8

VOD

Have the link to the VOD?

Description

Time

  • Played on: Nov. 28, 2021, 7:26 a.m.
  • Length: 12:28

All games in this series

Show
View Real Time Build Order
Export as new Build Order

Zoun Protoss - Winner!

Build Orders: 1 Gate Expand, Oracle Opening 

Get SALT Encoding   

  12  0:00  Probe  
  13  0:12  Probe  
  14  0:16  Pylon  
  14  0:24  Probe (Chrono Boost)  
  16  0:35  Gateway  
  16  0:36  Probe (Chrono Boost)  
  16  0:42  Probe (Chrono Boost)  
  16  0:45  Assimilator  
  17  0:51  Probe  
  18  1:03  Probe  
  19  1:15  Probe  
  20  1:23  Cybernetics Core  
  20  1:32  Nexus  
  20  1:34  Probe  
  21  1:43  Pylon  
  21  1:46  Probe  
  22  1:51  Assimilator  
  22  1:58  Adept (Chrono Boost), Probe  
  25  2:08  Shield Battery  
  25  2:11  Probe  
  25  2:21  Adept  
  27  2:23  Probe  
  27  2:28  Stargate  
  28  2:32  Warp Gate  
  28  2:36  Probe  
  29  2:47  Probe  
  29  2:48  Probe  
  31  2:59  Probe (Chrono Boost)  
  31  3:00  Adept  
  31  3:01  Probe (Chrono Boost)  
  35  3:07  Shield Battery  
  35  3:09  Oracle (Chrono Boost)  
  35  3:11  Probe (Chrono Boost)  
  39  3:15  Probe (Chrono Boost)  
  39  3:19  Pylon  
  40  3:20  Probe (Chrono Boost)  
  40  3:22  Probe (Chrono Boost)  
  42  3:28  Probe  
  42  3:33  Probe  
  44  3:38  Oracle  
  44  3:41  Probe  
  48  3:45  Gateway  
  48  3:46  Pylon  
  48  3:48  Probe  
  48  3:53  Probe  
  50  4:00  Probe  
  50  4:07  Probe  
  51  4:16  Probe  
  52  4:22  Probe  
  52  4:26  Sentry  
  52  4:28  Assimilator, Probe  
  52  4:29  Assimilator  
  55  4:33  Robotics Facility  
  55  4:34  Nexus, Probe  
  55  4:36  Pylon  
  56  4:39  Stalker  
  56  4:40  Probe  
  59  4:46  Probe  
  59  4:49  Pylon  
  60  4:53  Stalker  
  60  4:54  Shield Battery  
  60  4:56  Probe  
  63  5:07  Probe  
  63  5:12  Stalker  
  63  5:17  Immortal (Chrono Boost)  
  63  5:18  Twilight Council  
  67  5:21  Robotics Bay  
  67  5:22  Probe x2  
  67  5:25  Adept  
  71  5:34  Probe x2  
  73  5:36  Stalker  
  75  5:46  Probe  
  75  5:47  Probe x2, Charge (Chrono Boost)  
  75  5:48  Observer (Chrono Boost)  
  79  5:50  Gateway  
  79  5:51  Gateway  
  79  5:58  Probe  
  79  5:59  Probe  
  79  6:02  Stalker x2  
  86  6:08  Pylon  
  86  6:09  Colossus (Chrono Boost)  
  86  6:10  Probe  
  92  6:20  Probe  
  92  6:22  Pylon  
  93  6:26  Probe  
  93  6:27  Pylon  
  93  6:32  Assimilator  
  94  6:33  Assimilator  
  94  6:36  Stalker, Zealot  
  94  6:38  Probe x2  
  100  6:43  Probe  
  100  6:46  Colossus (Chrono Boost), Pylon  
  100  6:50  Probe  
  107  6:54  Stalker x2  
  107  6:57  Probe  
  107  6:58  Extended Thermal Lance (Chrono Boost), Probe  
  113  7:02  Probe  
  113  7:03  Zealot  
  113  7:05  Pylon  
  116  7:11  Forge  
  116  7:13  Forge  
  116  7:14  Sentry  
  118  7:19  Probe x2  
  120  7:27  Zealot x2  
  118  7:31  Colossus (Chrono Boost)  
  118  7:32  Probe  
  118  7:36  Probe  
  126  7:42  Protoss Ground Armor Level 1 (Chrono Boost), Protoss Ground Weapons Level 1 (Chrono Boost)  
  126  7:46  Zealot x2  
  126  7:48  Zealot  
  132  7:52  Pylon  
  132  7:53  Pylon  
  132  7:56  Blink  
  128  8:05  Pylon  
  128  8:08  Pylon  
  128  8:10  Probe x2  
  128  8:11  Photon Cannon  
  130  8:18  Gateway x2  
  130  8:21  Gateway, Observer (Chrono Boost)  
  130  8:22  Gateway  
  130  8:25  Templar Archives  
  130  8:27  Sentry  
  133  8:29  Stalker  
  135  8:35  Robotics Facility  
  135  8:38  Observer  
  135  8:46  Zealot x2, Observer  
  139  8:49  Photon Cannon  
  139  8:54  Disruptor (Chrono Boost)  
  142  8:58  Observer, Zealot x2  
  146  9:06  High Templar x2  
  146  9:08  Observer  
  150  9:10  Archon  
  150  9:13  Zealot x2  
  154  9:22  Disruptor (Chrono Boost)  
  157  9:26  Pylon  
  157  9:28  Observer, Pylon  
  157  9:30  Pylon  
  157  9:31  Observer  
  157  9:37  Nexus  
  157  9:38  Void Ray, Pylon  
  157  9:42  Probe x2  
  157  9:43  Protoss Ground Weapons Level 2 (Chrono Boost), Pylon  
  157  9:44  Probe  
  162  9:51  Disruptor (Chrono Boost)  
  163  9:53  Protoss Ground Armor Level 2 (Chrono Boost)  
  163  9:57  Shield Battery  
  163  9:59  Photon Cannon  
  163  10:04  Disruptor (Chrono Boost)  
  159  10:11  Observer  
  159  10:12  Probe x3  
  164  10:15  Pylon  
  164  10:18  Zealot x5  
  164  10:19  Zealot x2, Disruptor (Chrono Boost)  
  181  10:30  Probe x3  
  181  10:32  Warp Prism  
  186  10:42  Zealot x5  
  149  10:53  Disruptor (Chrono Boost)  
  149  10:54  Stalker  
  149  10:55  Stalker  
  144  11:07  Disruptor (Chrono Boost)  
  144  11:08  Assimilator  
  144  11:10  Zealot  
  149  11:13  Assimilator  
  149  11:14  High Templar x2  
  149  11:15  Zealot, High Templar x2  
  159  11:19  Archon x2  
  158  11:26  Observer (Chrono Boost)  
  158  11:29  Stalker x2  
  161  11:39  Zealot x2  
  163  11:43  Dark Shrine  
  163  11:51  Stalker x3  
  169  11:54  Zealot x3  
Show
View Real Time Build Order
Export as new Build Order

ByuN Terran 

Build Orders: Reaper Expand 

Get SALT Encoding   

  12  0:00  SCV  
  13  0:12  SCV  
  14  0:16  Supply Depot  
  14  0:24  SCV  
  15  0:38  SCV  
  15  0:39  Barracks  
  16  0:43  Refinery  
  16  0:50  SCV  
  17  1:02  SCV  
  18  1:14  SCV  
  19  1:26  Reaper, Orbital Command  
  20  1:41  Command Center  
  20  1:52  Supply Depot, SCV  
  21  1:58  Barracks Tech Lab  
  21  2:01  Refinery  
  21  2:04  SCV  
  22  2:16  SCV  
  22  2:18  Concussive Shells  
  22  2:19  Marauder  
  25  2:28  SCV  
  26  2:32  Factory  
  26  2:40  Marauder  
  26  2:42  SCV  
  29  2:51  Barracks  
  28  2:54  SCV, Orbital Command  
  29  3:06  SCV  
  29  3:09  Barracks Reactor  
  30  3:18  SCV  
  30  3:19  Barracks  
  31  3:20  SCV  
  31  3:25  Cyclone  
  35  3:31  SCV  
  35  3:32  Supply Depot, SCV  
  37  3:38  Barracks Tech Lab  
  37  3:43  Engineering Bay  
  37  3:45  Marine x2  
  37  3:46  SCV x2  
  41  3:57  Cyclone, Marine  
  41  3:58  SCV  
  41  3:59  SCV  
  41  4:02  Stimpack  
  47  4:10  Marine x2  
  49  4:17  SCV x2  
  49  4:19  Marine  
  49  4:20  Terran Infantry Weapons Level 1  
  50  4:25  Bunker  
  50  4:26  Supply Depot  
  50  4:28  Marine x2  
  50  4:34  SCV x2  
  50  4:35  Starport  
  52  4:39  Missile Turret, Factory Reactor  
  52  4:42  Marine x2  
  54  4:47  Marine x2  
  54  4:49  Supply Depot  
  54  4:50  SCV x2  
  58  4:55  Refinery  
  58  4:59  Marine  
  57  5:02  SCV x2  
  58  5:10  Marine x3  
  61  5:14  SCV  
  61  5:21  Factory Reactor  
  62  5:22  Medivac x2  
  62  5:23  Supply Depot, SCV  
  62  5:25  Supply Depot  
  62  5:26  SCV  
  62  5:27  Marauder  
  70  5:36  Marauder, SCV, Marine x2  
  70  5:37  Refinery  
  70  5:38  SCV  
  76  5:47  Combat Shield  
  76  5:48  SCV  
  77  5:50  SCV  
  77  5:51  Missile Turret  
  77  5:52  Supply Depot  
  80  5:57  Marauder x2  
  80  6:04  Marine x2  
  84  6:05  Widow Mine x2  
  84  6:07  SCV  
  84  6:08  SCV  
  90  6:13  Supply Depot  
  92  6:21  Marauder  
  92  6:22  Marauder  
  92  6:24  Medivac x2  
  98  6:28  Terran Infantry Armor Level 1  
  98  6:32  Supply Depot  
  98  6:35  Marine x2  
  100  6:42  Widow Mine x2  
  104  6:53  Marauder x2, Marine x2  
  103  7:02  Medivac  
  103  7:03  Medivac  
  103  7:06  Command Center  
  107  7:09  Supply Depot  
  107  7:17  Barracks  
  107  7:18  Barracks  
  107  7:22  SCV x2  
  109  7:27  Marauder x2  
  113  7:30  Marine x2  
  113  7:34  SCV x2  
  115  7:38  Medivac  
  115  7:39  Medivac  
  115  7:41  Widow Mine  
  115  7:42  Widow Mine  
  121  7:47  Supply Depot  
  121  7:49  Supply Depot  
  121  7:51  SCV x2  
  120  7:54  Marauder x2  
  120  7:56  Marine x2  
  119  8:03  SCV x2  
  115  8:07  Barracks Tech Lab, Barracks Reactor  
  115  8:12  Viking  
  117  8:15  SCV x2, Viking  
  117  8:19  Orbital Command  
  121  8:26  Ghost Academy  
  121  8:27  SCV x2  
  121  8:32  Missile Turret  
  121  8:33  Marine x2  
  129  8:34  Marauder x2  
  129  8:36  Marauder  
  129  8:39  SCV x2  
  133  8:42  Refinery  
  133  8:43  Refinery  
  133  8:47  Viking, Marine x2  
  137  8:51  Viking  
  139  8:57  SCV  
  139  8:58  SCV  
  141  9:04  Marauder x3  
  141  9:05  Marine x3  
  141  9:09  Supply Depot  
  151  9:11  Enhanced Shockwaves  
  151  9:13  SCV x2  
  151  9:14  SCV  
  152  9:24  Ghost x2  
  152  9:30  Viking x2, Ghost  
  162  9:32  Armory  
  162  9:34  Engineering Bay  
  162  9:35  Supply Depot  
  162  9:41  Marine  
  162  9:42  Marine x3  
  164  9:59  Marauder x3  
  170  10:01  Marine x2  
  170  10:02  Marine x2  
  171  10:14  Command Center  
  171  10:19  Marine x2  
  171  10:20  Marauder x2, Marine x2  
  171  10:21  Marauder  
  181  10:23  Supply Depot  
  181  10:24  Supply Depot  
  181  10:40  Marine x2  
  181  10:41  Marauder  
  181  10:42  Marauder  
  148  10:50  Marine x2  
  146  10:57  Marine  
  146  10:58  Viking x2  
  152  11:04  Ghost  
  152  11:05  Ghost x2  
  152  11:10  Marine x3, Barracks x2  
  155  11:11  Barracks  
  155  11:14  SCV x2  
  155  11:15  SCV, Marine  
  159  11:33  Ghost x3  
  159  11:34  Marine x4  
  159  11:35  SCV x2  
  159  11:36  SCV  
  159  11:39  Viking  
  174  11:52  SCV x2  
  144  12:04  Marauder x3, Marine  
  144  12:05  Marine x3  
  144  12:08  Missile Turret  
  152  12:13  Barracks Reactor  
  152  12:14  Barracks Tech Lab  
Tags
 
Add a new tag
Caveats
  • Supply blocks, unpowered buildings, or Contaminate may cause inaccurate times.
  • Supply counts are checked every 10 seconds.